NWL (28 & UNDER)
CULVER CITY EXTRAS @ SAN DIEGO SMASHERS
08/10/2025
 
TOP OF THE 1ST
Culver City Extras batting - Pitching for San Diego Smashers : LHP John Lawson
Pitching: LHP John Lawson
Batting: RHB Jesús Hernández 0-0: Foul Ball, location: 2F
0-1: Called Strike
0-2: Ball
1-2: Ball
2-2: Ball
3-2: Foul Ball, location: 2F
3-2: Foul Ball, location: 2F
3-2: Strikes out looking
Batting: RHB Walton Smith 0-0: Ball
1-0: Ball
2-0: Called Strike
2-1: Ball
3-1: Base on Balls
Batting: RHB Max Alexander 0-0: Called Strike
0-1: Ball
1-1: Ball
2-1: Ball
Balk!
Walton Smith to second
3-1: Called Strike
3-2: Strikes out looking
Batting: RHB Bob Magee 0-0: Ball
1-0: Ball
2-0: Ball
Wild Pitch!
Walton Smith to third
3-0: Called Strike
3-1: Swinging Strike
3-2: Strikes out swinging
Top of the 1st over - 0 run(s), 0 hit(s), 0 error(s), 1 left on base; Culver City 0 - San Diego 0
BOTTOM OF THE 1ST
San Diego Smashers batting - Pitching for Culver City Extras : RHP Juan Tapia
Pitching: RHP Juan Tapia
Batting: RHB Ryan Cates 0-0: Ball
1-0: Foul Ball, location: 2F
1-1: SOLO HOME RUN (Flyball, 7LD), Distance : 322 ft
Batting: RHB Luis Martínez 0-0: Ball
1-0: Ball
2-0: Foul Ball, location: 2F
2-1: Foul Ball, location: 2F
2-2: Ball
3-2: Foul Ball, location: 2F
3-2: SINGLE (Flyball, 78S) - OUT at second base trying to stretch hit.
Batting: RHB Marty Hendrickson 0-0: Ball
1-0: Ball
2-0: Called Strike
2-1: Foul Ball, location: 2F
2-2: Foul Ball, location: 2F
2-2: Ball
3-2: Foul Ball, location: 2F
3-2: Foul Ball, location: 2F
3-2: Foul Ball, location: 2F
3-2: Foul Ball, location: 2F
3-2: Hit by Pitch
Batting: LHB Ray Bryant 0-0: Ball
1-0: Called Strike
1-1: Ball
2-1: Ball
3-1: Called Strike
3-2: Foul Ball, location: 2F
3-2: Ground out U3 (Groundball, 3S)
Marty Hendrickson to second
Batting: RHB Francisco Castillo 0-0: Called Strike
0-1: Ball
1-1: Foul Ball, location: 2F
1-2: Strikes out looking
Bottom of the 1st over - 1 run(s), 2 hit(s), 0 error(s), 1 left on base; Culver City 0 - San Diego 1
TOP OF THE 2ND
Culver City Extras batting - Pitching for San Diego Smashers : LHP John Lawson
Batting: RHB Lorne Witcher 0-0: Ball
1-0: Foul Ball, location: 2F
1-1: Ball
2-1: Foul Ball, location: 2F
2-2: Strikes out swinging
Batting: LHB Edmund Ross 0-0: Foul Ball, location: 2F
0-1: Called Strike
0-2: Strikes out swinging
Batting: RHB Carlos Rodríguez 0-0: Ball
1-0: Foul Ball, location: 2F
1-1: Swinging Strike
1-2: Foul Ball, location: 2F
1-2: Ball
2-2: SOLO HOME RUN (Flyball, 7D), Distance : 336 ft
Batting: RHB Horace Johnson 0-0: Called Strike
0-1: Ball
1-1: Ball
2-1: Ball
3-1: Base on Balls
Batting: LHB Ronaldo Gois 0-0: Ball
Horace Johnson steals 2nd base
1-0: Ball
2-0: Ball
3-0: Called Strike
3-1: Fly out, F7 (Flyball, 78M)
Top of the 2nd over - 1 run(s), 1 hit(s), 0 error(s), 1 left on base; Culver City 1 - San Diego 1
BOTTOM OF THE 2ND
San Diego Smashers batting - Pitching for Culver City Extras : RHP Juan Tapia
Batting: RHB Griswold Coleman 0-0: Foul Ball, location: 2F
0-1: Foul Ball, location: 2F
0-2: Ball
1-2: Strikes out looking
Pitching: RHP José González
Batting: RHB John Bryant 0-0: Ball
1-0: Fly out, F4 (Popup, 4M)
Batting: RHB Armando Colón 0-0: Ball
1-0: Ball
2-0: Fly out, F9 (Popup, 4D)
Bottom of the 2nd over - 0 run(s), 0 hit(s), 0 error(s), 0 left on base; Culver City 1 - San Diego 1
TOP OF THE 3RD
Culver City Extras batting - Pitching for San Diego Smashers : LHP John Lawson
Batting: RHB Jesús Hernández 0-0: Ball
1-0: Ball
2-0: Ball
3-0: Called Strike
3-1: Base on Balls
Batting: RHB Walton Smith 0-0: Called Strike
0-1: Ball
1-1: Called Strike
1-2: 2-RUN HOME RUN (Flyball, 7D), Distance : 356 ft
Batting: RHB Max Alexander 0-0: Foul Ball, location: 2F
0-1: Called Strike
0-2: Foul Ball, location: 2F
0-2: Strikes out swinging
Batting: RHB Bob Magee 0-0: Foul Ball, location: 2F
0-1: Reached on error, E1 (Groundball, 15)
Batting: RHB Lorne Witcher 0-0: Ball
1-0: Foul Ball, location: 2F
1-1: Fly out, F7 (Flyball, 78M)
Batting: LHB Edmund Ross 0-0: Ball
1-0: Called Strike
1-1: Foul Ball, location: 2F
1-2: Ball
2-2: Strikes out swinging
Top of the 3rd over - 2 run(s), 1 hit(s), 1 error(s), 1 left on base; Culver City 3 - San Diego 1
BOTTOM OF THE 3RD
San Diego Smashers batting - Pitching for Culver City Extras : RHP José González
Batting: RHB Gilberto Guzmán 0-0: Foul Ball, location: 2F
0-1: Ball
1-1: Called Strike
1-2: Strikes out swinging
Batting: RHB Ryan Cates 0-0: TRIPLE (Line Drive, 8RXD)
Batting: RHB Luis Martínez 0-0: Called Strike
0-1: Ball
1-1: Called Strike
Balk!
Ryan Cates scores
1-2: Ball
2-2: Foul Ball, location: 2F
2-2: Ball
3-2: Base on Balls
Batting: RHB Marty Hendrickson 0-0: Swinging Strike
0-1: Ball
1-1: Foul Ball, location: 2F
1-2: Ball
2-2: Foul Ball, location: 2F
2-2: Ball
3-2: Foul Ball, location: 2F
3-2: Base on Balls
Luis Martínez to second
Batting: LHB Ray Bryant 0-0: Foul Ball, location: 2F
0-1: Ball
1-1: Swinging Strike
1-2: Ball
2-2: Foul Ball, location: 2F
2-2: SINGLE (Line Drive, 7LS)
Luis Martínez to third
Marty Hendrickson to second
Runner from 3rd tries for Home, SAFE, throw made home
Batting: RHB Francisco Castillo 0-0: Foul Ball, location: 2F
0-1: Ball
1-1: Ball
2-1: Called Strike
2-2: Foul Ball, location: 2F
2-2: Foul Ball, location: 2F
2-2: Ball
3-2: Strikes out swinging
Batting: RHB Griswold Coleman 0-0: Swinging Strike
0-1: Ball
1-1: Called Strike
1-2: Ball
2-2: Strikes out swinging
Bottom of the 3rd over - 2 run(s), 2 hit(s), 0 error(s), 2 left on base; Culver City 3 - San Diego 3
TOP OF THE 4TH
Culver City Extras batting - Pitching for San Diego Smashers : LHP John Lawson
Batting: RHB Carlos Rodríguez 0-0: Called Strike
0-1: Foul Ball, location: 2F
0-2: Ball
1-2: Strikes out swinging
Batting: RHB Horace Johnson 0-0: Bunted foul
0-1: Called Strike
0-2: SINGLE (Line Drive, 89S)
Batting: LHB Ronaldo Gois 0-0: Fly out, F8 (Line Drive, 89M)
Batting: RHB Jesús Hernández 0-0: DOUBLE (Line Drive, 8LM)
Horace Johnson to third
Runner from 3rd tries for Home, SAFE, no throw or cutoff
Batting: RHB Walton Smith 0-0: Ball
1-0: Fly out, F9 (Line Drive, 9S)
Top of the 4th over - 1 run(s), 2 hit(s), 0 error(s), 1 left on base; Culver City 4 - San Diego 3
BOTTOM OF THE 4TH
San Diego Smashers batting - Pitching for Culver City Extras : RHP José González
Batting: RHB John Bryant 0-0: Swinging Strike
0-1: Ball
1-1: Ball
2-1: Ball
3-1: Foul Ball, location: 2F
3-2: Base on Balls
Pitching: RHP Ryan Balloun
Batting: RHB Armando Colón 0-0: Ball
1-0: Swinging Strike
1-1: SINGLE (Line Drive, 5D)
John Bryant to second
Batting: RHB Gilberto Guzmán 0-0: Grounds into double play, 1-6-3 (Groundball, 15)
John Bryant to third
Batting: RHB Ryan Cates 0-0: Ball
1-0: Ball
2-0: Fly out, F2 (Popup, 2LF)
Bottom of the 4th over - 0 run(s), 1 hit(s), 0 error(s), 1 left on base; Culver City 4 - San Diego 3
TOP OF THE 5TH
Culver City Extras batting - Pitching for San Diego Smashers : LHP John Lawson
Batting: RHB Max Alexander 0-0: SINGLE (Line Drive, 56D)
Batting: RHB Bob Magee 0-0: Ball
1-0: Called Strike
1-1: Swinging Strike
1-2: Strikes out swinging
Batting: RHB Lorne Witcher 0-0: Fly out, F7 (Flyball, 7M)
Batting: LHB Edmund Ross 0-0: Called Strike
0-1: Fielders Choice at 2nd, U4 (Groundball, 4M)
Top of the 5th over - 0 run(s), 1 hit(s), 0 error(s), 1 left on base; Culver City 4 - San Diego 3
BOTTOM OF THE 5TH
San Diego Smashers batting - Pitching for Culver City Extras : RHP Ryan Balloun
Batting: RHB Luis Martínez 0-0: Ball
1-0: Called Strike
1-1: Ground out 1-3 (Groundball, 13)
Batting: RHB Marty Hendrickson 0-0: Ball
1-0: Ball
2-0: Called Strike
2-1: Fly out, F4 (Popup, 89S)
Batting: LHB Ray Bryant 0-0: Called Strike
0-1: Foul Ball, location: 2F
0-2: Ball
1-2: Foul Ball, location: 2F
1-2: Ball
2-2: Ball
3-2: Foul Ball, location: 2F
3-2: Strikes out looking
Bottom of the 5th over - 0 run(s), 0 hit(s), 0 error(s), 0 left on base; Culver City 4 - San Diego 3
TOP OF THE 6TH
Culver City Extras batting - Pitching for San Diego Smashers : LHP John Lawson
Batting: RHB Carlos Rodríguez 0-0: Ball
1-0: Called Strike
1-1: Foul Ball, location: 2F
1-2: Strikes out swinging
Pitching: LHP Raymond Ritchie
Batting: RHB Horace Johnson 0-0: Called Strike
0-1: Ball
1-1: DOUBLE (Line Drive, 9LS)
Batting: LHB Ronaldo Gois 0-0: Ball
1-0: Swinging Strike
1-1: Ground out 4-3 (Groundball, 34)
Horace Johnson to third
Batting: RHB Jesús Hernández 0-0: Called Strike
0-1: Swinging Strike
0-2: Ball
1-2: Fly out, F7 (Flyball, 78M)
Top of the 6th over - 0 run(s), 1 hit(s), 0 error(s), 1 left on base; Culver City 4 - San Diego 3
BOTTOM OF THE 6TH
San Diego Smashers batting - Pitching for Culver City Extras : RHP Ryan Balloun
Batting: RHB Francisco Castillo 0-0: Foul Ball, location: 2F
0-1: Called Strike
0-2: Foul Ball, location: 2F
0-2: SINGLE (Line Drive, 89S)
Batting: RHB Griswold Coleman 0-0: Called Strike
0-1: Ball
1-1: Ball
2-1: Foul Ball, location: 2F
2-2: Ball
3-2: Base on Balls
Francisco Castillo to second
Pitching: LHP Ron Cummins
Batting: RHB John Bryant 0-0: Ball
1-0: Ball
2-0: Ball
3-0: Base on Balls
Francisco Castillo to third
Griswold Coleman to second
Batting: RHB Armando Colón 0-0: Ball
1-0: Ball
2-0: Grounds into fielders choice 3-2 (Groundball, 34)
Griswold Coleman to third
John Bryant to second
Batting: RHB Gilberto Guzmán 0-0: Ball
1-0: Ball
2-0: Called Strike
2-1: Foul Ball, location: 2F
2-2: SINGLE (Line Drive, 6D)
Griswold Coleman scores
John Bryant to third
Armando Colón to second
Batting: RHB Ryan Cates 0-0: Ball
1-0: Ball
2-0: Called Strike
2-1: Foul Ball, location: 2F
2-2: SINGLE (Line Drive, 89S)
John Bryant scores
Armando Colón to third
Gilberto Guzmán to second
Batting: RHB Luis Martínez 0-0: Foul Ball, location: 2F
0-1: Ball
1-1: Ball
2-1: DOUBLE (Flyball, 7LD)
Armando Colón scores
Gilberto Guzmán scores
Ryan Cates to third
Runner from 3rd tries for Home, SAFE, no throw or cutoff
Pitching: RHP Mark Greene
Batting: RHB Marty Hendrickson 0-0: Swinging Strike
0-1: Called Strike
0-2: Strikes out swinging
Batting: LHB Ray Bryant 0-0: Ball
1-0: Swinging Strike
1-1: Foul Ball, location: 2F
1-2: Ball
2-2: Ball
3-2: Fly out, F8 (Flyball, 78M)
Bottom of the 6th over - 5 run(s), 4 hit(s), 0 error(s), 1 left on base; Culver City 4 - San Diego 8
TOP OF THE 7TH
Culver City Extras batting - Pitching for San Diego Smashers : LHP Raymond Ritchie
Batting: RHB Walton Smith 0-0: Ball
1-0: Ball
2-0: Swinging Strike
2-1: SINGLE (Line Drive, 78S)
Batting: RHB Max Alexander 0-0: Ball
1-0: Called Strike
1-1: Ball
2-1: SINGLE (Groundball, 6MD)
Walton Smith to second
Batting: RHB Bob Magee 0-0: Called Strike
0-1: Ball
1-1: Foul Ball, location: 2F
1-2: Strikes out swinging
Batting: RHB Lorne Witcher 0-0: Fly out, F6 (Popup, 5D)
Batting: LHB Edmund Ross 0-0: Ball
1-0: Foul Ball, location: 2F
1-1: Ball
2-1: Swinging Strike
2-2: Ball
3-2: Foul Ball, location: 2F
3-2: Strikes out swinging
Top of the 7th over - 0 run(s), 2 hit(s), 0 error(s), 2 left on base; Culver City 4 - San Diego 8
BOTTOM OF THE 7TH
San Diego Smashers batting - Pitching for Culver City Extras : RHP Mark Greene
Batting: RHB Francisco Castillo 0-0: Called Strike
0-1: Foul Ball, location: 2F
0-2: Ball
1-2: Ball
2-2: Foul Ball, location: 2F
2-2: Fly out, F7 (Flyball, 7D)
Batting: RHB Griswold Coleman 0-0: Ball
1-0: Swinging Strike
1-1: Foul Ball, location: 2F
1-2: Ball
2-2: Ball
3-2: Ground out 1-3 (Groundball, 13S)
Batting: RHB John Bryant 0-0: Foul Ball, location: 2F
0-1: Ground out 6-3 (Groundball, 6M)
Bottom of the 7th over - 0 run(s), 0 hit(s), 0 error(s), 0 left on base; Culver City 4 - San Diego 8
TOP OF THE 8TH
Culver City Extras batting - Pitching for San Diego Smashers : LHP Raymond Ritchie
Batting: RHB Carlos Rodríguez 0-0: Ball
1-0: Called Strike
1-1: Ball
2-1: Ball
3-1: Ground out 5-3 (Groundball, 56S)
Pitching: RHP Duane Carlson
Batting: RHB Horace Johnson 0-0: Ground out 5-3 (Groundball, 5L)
Batting: LHB Ronaldo Gois 0-0: Foul Ball, location: 2F
0-1: Ball
1-1: Called Strike
1-2: Ball
2-2: Foul Ball, location: 2F
2-2: Strikes out swinging
Top of the 8th over - 0 run(s), 0 hit(s), 0 error(s), 0 left on base; Culver City 4 - San Diego 8
BOTTOM OF THE 8TH
San Diego Smashers batting - Pitching for Culver City Extras : RHP Mark Greene
Batting: RHB Armando Colón 0-0: Called Strike
0-1: Ball
1-1: Foul Ball, location: 2F
1-2: Strikes out swinging
Pitching: RHP Augusto Herrera
Batting: RHB Gilberto Guzmán 0-0: Foul Ball, location: 2F
0-1: Foul Ball, location: 2F
0-2: Foul Ball, location: 2F
0-2: Ball
1-2: SINGLE (Line Drive, 8LS)
Batting: RHB Ryan Cates 0-0: Called Strike
0-1: Ball
1-1: Fly out, F3 (Popup, 3DF)
Batting: RHB Luis Martínez 0-0: Called Strike
0-1: Ball
1-1: Fielders Choice at 2nd, 6-4 (Groundball, 6)
Bottom of the 8th over - 0 run(s), 1 hit(s), 0 error(s), 0 left on base; Culver City 4 - San Diego 8
TOP OF THE 9TH
Culver City Extras batting - Pitching for San Diego Smashers : RHP Duane Carlson
Batting: RHB Jesús Hernández 0-0: SINGLE (Line Drive, 7S)
Batting: RHB Walton Smith 0-0: Ball
1-0: Ball
2-0: TRIPLE (Line Drive, 3L)
Jesús Hernández scores
Pitching: RHP Carlos Trujillo
Batting: RHB Max Alexander 0-0: Called Strike
0-1: Foul Ball, location: 2F
0-2: Ball
1-2: Ball
2-2: Strikes out looking
Batting: RHB Bob Magee 0-0: Foul Ball, location: 2F
0-1: Swinging Strike
0-2: Ball
1-2: Strikes out looking
Batting: RHB Lorne Witcher 0-0: Ball
1-0: Foul Ball, location: 2F
1-1: Swinging Strike
1-2: Ball
Wild Pitch!
Walton Smith scores
2-2: Foul Ball, location: 2F
2-2: Fly out, F8 (Flyball, 8LM)
Top of the 9th over - 2 run(s), 2 hit(s), 0 error(s), 0 left on base; Culver City 6 - San Diego 8
This league is powered by Out of the Park Baseball, the baseball management simulation game for PC, Mac and Linux
Tuesday, August 2nd, 2016 - OOTP Baseball 16.8 Build 38